 Dungeon Crawl Stone Soup version 0.31-a0-150-g89dc3ad700 (webtiles) character file.

Game seed: 11798099904256687088

53 qw the Shooter (level 3, 0/31 HPs)
             Began as a Minotaur Hunter on June 8, 2023.
             Slain by a gnoll
             ... wielding a +0 flail
              (7 damage)
             ... on level 2 of the Dungeon.
             The game lasted 00:00:17 (1026 turns).

qw the Shooter (Minotaur Hunter)                    Turns: 1026, Time: 00:00:18

Health: 0/31       AC:  5    Str: 15    XL:     3   Next: 64%
Magic:  2/2        EV: 11    Int:  6    God:
Gold:   18         SH:  0    Dex: 15    Spells: 2/2 levels left

rFire   . . .        a - +0 arbalest
rCold   . . .        (shield currently unavailable)
rNeg    . . .        h - +0 ring mail
rPois   .            (helmet restricted)
rElec   .            (no cloak)
rCorr   .            (no gloves)
SInv    .            (no boots)
Will    .....        (no amulet)
Stlth   +            (no ring)
HPRegen 0.25/turn    (no ring)
MPRegen 0.08/turn

%: no passive effects
@: no status effects
A: horns 2, retaliatory headbutt
a: no special abilities


You were on level 2 of the Dungeon.
You visited 1 branch of the dungeon, and saw 2 of its levels.

You collected 18 gold pieces.


Innate Abilities, Weirdness & Mutations

You have a pair of horns on your head.
You reflexively headbutt those who attack you in melee.


   Skills:
 - Level 3.0 Fighting
 + Level 5.4 Ranged Weapons
 - Level 1.3 Armour
 - Level 2.1 Dodging
 - Level 0.7 Stealth


You had 2 spell levels left.
You didn't know any spells.
Your spell library was empty.

Inventory:

Hand Weapons
 a - a +0 arbalest (weapon)
 Y - a +0 shortbow of draining
Armour
 h - a +0 ring mail (worn)
Potions
 f - a potion of curing {unknown}
 i - a potion of might {unknown}
 j - a potion of attraction {unknown}

Dungeon Overview and Level Annotations

Branches:
Dungeon (2/15)

Altars:


Message History

There is an escape hatch in the floor here.
There is an open door here.
You feel your willpower return.
There is a stone staircase leading down here.
You climb downwards.
Found a stone staircase leading up.
There is a stone staircase leading up here.
Waypoint 1 assigned to D:2.
A bat comes into view.
You shoot an arrow. The arrow hits the bat!
You kill the bat!
A giant cockroach comes into view.
You shoot an arrow. The arrow hits the giant cockroach.
You kill the giant cockroach!
a - a +0 arbalest 3 gnolls come into view.
The gnoll shouts! x2
1019 ||| SWAPPING to +0 arbalest.
a - a +0 arbalest (weapon)
1020 ||| Stepping ~*~*~tactically~*~*~ (outnumbered).
A quokka comes into view.
You shoot a bolt. The bolt hits the gnoll!
You kill the gnoll!
Your Armour skill increases to level 1!
You shoot a bolt. The bolt closely misses the quokka.
The quokka bites you. x2; The gnoll barely misses you.
You shoot a bolt. The bolt hits the quokka.
The quokka is almost dead.
The quokka barely misses you. The gnoll misses you. The quokka misses you.
The gnoll hits you from afar with a +0 halberd!
The quokka barely misses you.
You shoot a bolt. The bolt barely misses the quokka.
The quokka closely misses you. You furiously retaliate!
You headbutt the quokka!
You kill the quokka!
The gnoll hits you from afar with a +0 halberd!
You shoot a bolt. The bolt hits the gnoll!!
You kill the gnoll!
You shoot a bolt. The bolt closely misses the gnoll.
The gnoll hits you with a +0 flail!
You die...

# #. .# .########
#.)..g.g. #g#
##@## #...# #...#
# #...# .. #...#
#.#####...####.
.#..............
................
.#..%...........#


You could see a gnoll.

Vanquished Creatures
  2 gnolls (D:2)
  A dart slug (D:1)
  3 bats
  An endoplasm (D:1)
  3 giant cockroaches
  2 goblins (D:1)
  3 hobgoblins (D:1)
  4 jackals (D:1)
  2 quokkas
  2 ball pythons (D:1)
  3 kobolds (D:1)
  A rat (D:1)
27 creatures vanquished.

Notes
Turn   | Place    | Note
-------+----------+-------------------------------------------
     0 | D:1      | qw the Minotaur Hunter began the quest for the Orb.
     0 | D:1      | Reached XP level 1. HP: 18/18 MP: 0/0
     0 | D:1      | Noticed a vampire
     0 | D:1      | 0 ||| qw: Version: 0.2-a-119-g7aa9181
     0 | D:1      | 0 ||| qw: Game counter: 2835
     0 | D:1      | 0 ||| qw: Always use a shield: true
     0 | D:1      | 0 ||| qw: God list: Okawaru
     0 | D:1      | 0 ||| qw: Allow faded altars: false
     0 | D:1      | 0 ||| qw: Do Orc after D:15 true
     0 | D:1      | 0 ||| qw: Do second Lair branch before Depths: true
     0 | D:1      | 0 ||| qw: Lair rune preference: random
     0 | D:1      | 0 ||| qw: Plans: Normal
     0 | D:1      | 0 ||| PLANNING D:1-11
     1 | D:1      | Noticed a minotaur
     2 | D:1      | Noticed an elf
     2 | D:1      | Noticed a vampire
     4 | D:1      | Noticed an ogre
     6 | D:1      | Noticed an ogre
     7 | D:1      | Noticed a vine stalker
     9 | D:1      | Noticed a vampire
    11 | D:1      | Noticed an octopode
    11 | D:1      | Noticed a minotaur
    13 | D:1      | Noticed a formicid
    13 | D:1      | Noticed a human
    15 | D:1      | Noticed a gargoyle
    15 | D:1      | Noticed an elf
    17 | D:1      | Noticed a gargoyle
    17 | D:1      | Noticed a demigod
    19 | D:1      | Noticed a vampire
    19 | D:1      | Noticed a merfolk
    21 | D:1      | Noticed a felid
    52 | D:1      | Reached XP level 2. HP: 25/25 MP: 1/1
    56 | D:1      | Reached skill level 5 in Ranged Weapons
   383 | D:1      | Reached skill level 3 in Fighting
   826 | D:1      | Reached XP level 3. HP: 31/31 MP: 2/2
   921 | D:1      | 921 ||| UPGRADING to +0 ring mail.
   931 | D:1      | 931 ||| DROPPING +0 leather armour.
   932 | D:1      | 932 ||| READING scroll labelled SUJ BOIR GUX.
   933 | D:1      | 933 ||| READING scroll labelled KEAC XAEMNOIGA.
   934 | D:1      | 934 ||| READING scroll labelled LEUMO FACSUIPS.
   935 | D:1      | 935 ||| DROPPING scroll of butterflies.
  1019 | D:2      | 1019 ||| SWAPPING to +0 arbalest.
  1020 | D:2      | 1020 ||| Stepping ~*~*~tactically~*~*~ (outnumbered).
  1022 | D:2      | Reached skill level 1 in Armour
  1024 | D:2      | HP: 6/31 [gnoll/+0 halberd (12)]
  1026 | D:2      | Slain by a gnoll

Levels and vault maps discovered:
D:1:      shiori_arrival_whats_in_store_for_you, layout_loops_corners,
          corexii_leaking_fountain
D:2:      minmay_thinvault, layout_loops_cross, uniq_jessica

Skill      XL: |  1  2  3 |
---------------+----------+-----
Ranged Weapons | 5 |  5.4
Fighting       | 3 |  3.0
Armour         | 1 |  1.3
Dodging        | |  2.1
Stealth        | |  0.7

Action                     || total
---------------------------++-------
   Fire: Shortbow          ||    60
         Arbalest          ||     6
    Use: Scroll            ||     3
 Armour: Leather armour    ||     5
  Dodge: Dodged            ||    24

Table legend:
 A = Non-vault XP
 B = Vault XP
 C = Vault XP percentage of total XP
 D = Non-vault monster count
 E = Vault monster count
 F = Vault count percentage of total count
                 A         B        C        D         E       F
            +---------+---------+-------+---------+---------+-------
      Total |      77 |       0 |   0.0 |      27 |       0 |   0.0
            +---------+---------+-------+---------+---------+-------
        D:1 |      42 |       0 |   0.0 |      22 |       0 |   0.0
        D:2 |      35 |       0 |   0.0 |       5 |       0 |   0.0
            +---------+---------+-------+---------+---------+-------
